AoeStats
← WackieChan_

African Clearing

505316301Analyzed
3v3 RM · 25d ago on Sep 8, 2026· 37m 28s· 6 players
Game mode
Random Map
Map size
Normal (6 player)
Population
200
Speed
Normal
Resources
Standard
Victory
Conquest
Starting age
Dark Age
Ending age
Imperial Age
RankedLock teamsTeams togetherTeam positionsShared explorationLock speedFull tech treeHidden civsTurbo modeCheats
Victory
Defeat
🇺🇸 Chinese · United States
1678
+18
🇨🇦 Mapuche · Canada
1677
+18
🇧🇩 Spanish · Bangladesh
1649
+19
🇩🇪 Mapuche · Germany
1821
-22
🇩🇪 Persians · Germany
1762
-20
🇩🇪 Huns · Germany
1585
-13
WackieChan_
5:24 Loom
15:11 Feudal Age
20:15 Castle Age
19:18 Horse Collar
21:54 Fletching
BeardyMan37
2:50 Loom
10:44 Feudal Age
13:00 Double-Bit Axe
14:07 Fletching
15:45 Horse Collar
23:11 Castle Age
22:06 Scale Barding Armor
21:59 Gold Mining
22:54 Bloodlines
23:57 Husbandry
24:19 Chain Barding Armor
24:10 Forging
24:35 Bow Saw
31:36 Heavy Plow
34:13 Wheelbarrow
33:25 Town Watch
34:39 Gold Shaft Mining
33:55 Stone Mining
37:28 Hand Cart
38:22 Stone Shaft Mining
TomRiddle
9:38 Loom
11:57 Feudal Age
15:49 Castle Age
14:12 Double-Bit Axe
16:17 Fletching
17:13 Bodkin Arrow
19:10 Town Watch
20:39 Padded Archer Armor
21:43 Ballistics
25:32 Wheelbarrow
25:17 Bow Saw
35:58 Leather Archer Armor
WARChris
6:34 Loom
12:22 Feudal Age
13:28 Double-Bit Axe
15:20 Fletching
17:12 Padded Archer Armor
25:36 Castle Age
24:09 Stone Mining
van jonsenheim
6:47 Loom
13:49 Feudal Age
18:19 Castle Age
19:57 Double-Bit Axe
Lukas_AoE
7:01 Loom
12:17 Feudal Age
14:02 Town Watch
16:43 Castle Age
15:44 Fletching
16:40 Double-Bit Axe
16:36 Horse Collar
24:58 Bodkin Arrow
26:26 Padded Archer Armor
27:53 Ballistics
Connection lost

Rejoining the realm…

Still unreachable

The connection could not be restored.

Session expired

The server has moved on; the page needs a fresh start.